 Dungeon Crawl Stone Soup version 0.28.0-49-g6dfe1f597d (webtiles) character file.

Game seed: 681110759105207394

44 pkoi the Ruffian (level 3, -2/29 HPs)
             Began as a Demigod Gladiator on May 11, 2022.
             Succumbed to a goblin's poison
             ... on level 1 of the Dungeon.
             The game lasted 00:02:22 (1598 turns).

pkoi the Ruffian (Demigod Gladiator)                Turns: 1598, Time: 00:02:22

Health: -2/29      AC: 10    Str: 19    XL:     3   Next: 22%
Magic:  5/5        EV:  8    Int: 10    God:
Gold:   23         SH:  0    Dex: 15    Spells: 2/2 levels left

rFire   . . .      SeeInvis .     - Unarmed
rCold   . . .      Faith    .   (no shield)
rNeg    . . .      Spirit   .   i - +0 chain mail
rPois   .          Reflect  .   b - +1 helmet
rElec   .          Harm     .   (no cloak)
rCorr   .          Rampage  .   (no gloves)
Will    .....                   (no boots)
Stlth   ..........              (no amulet)
HPRegen 0.09/turn               (no ring)
MPRegen 0.09/turn               (no ring)

@: lethally poisoned (-2 -> -22)
A: high MP 1, forlorn, divine attributes
a: no special abilities


You were on level 1 of the Dungeon.
You visited 1 branch of the dungeon, and saw 2 of its levels.

You collected 23 gold pieces.

Inventory:

Hand Weapons
 d - a +0 dagger
 f - a +0 short sword
 g - a +0 hand axe
Armour
 a - a +0 leather armour
 b - a +1 helmet (worn)
 h - a +0 ring mail
 i - a +0 chain mail (worn)
Jewellery
 e - a ring of ice
Scrolls
 j - a scroll of identify


   Skills:
 - Level 1.7 Fighting
 - Level 1.7 Throwing
 + Level 0.8 Armour
 - Level 2.6 Dodging
 * Level 3.9 Unarmed Combat


You had 2 spell levels left.
You didn't know any spells.
Your spell library was empty.

Dungeon Overview and Level Annotations

Branches:
Dungeon (2/15)

Annotations:
D:2 Robin


Innate Abilities, Weirdness & Mutations

You have an increased reservoir of magic. (+10% MP)
You shall have no god before yourself.
Your divine heritage dramatically boosts your attributes as you level up.


Message History

You feel sick.
You feel sick.
You feel sick.
You feel sick.
You feel sick.
You feel sick.
You feel sick.
You are no longer poisoned.
Robin flexes a bicep menacingly.
The goblin closely misses you.
There is a stone staircase leading up here.
The goblin barely misses you.
You climb upwards.
There is a stone staircase leading down here.
You aren't carrying any items that you can evoke.
Unknown command.
Throw: 3 throwing nets
Press: ? - help, Q - select action Shift-Dir - straight line, f - goblin
Aim: a goblin, wielding a +2 dagger of venom (50% to hit)
You throw a throwing net.
The throwing net closely misses the goblin.
The goblin hits you with a +2 dagger of venom.
* * * LOW HITPOINT WARNING * * *
You are lethally poisoned!
Throw: 2 throwing nets
Press: ? - help, Q - select action Shift-Dir - straight line, f/p - goblin
Aim: a goblin, wielding a +2 dagger of venom (50% to hit)
You throw a throwing net.
The throwing net closely misses the goblin.
* * * LOW HITPOINT WARNING * * *
You feel very sick. The goblin hits you but does no damage.
You are more poisoned.
You aren't carrying any potions.
Throw: throwing net
Press: ? - help, Q - select action Shift-Dir - straight line, f/p - goblin
Aim: a goblin, wielding a +2 dagger of venom (50% to hit)
You throw a throwing net.
The throwing net closely misses the goblin.
You die...

.....## #..........##.#..#.###...
.##.## ###............##...# #.#.
.##.####......#.##........####...
.##......##.....##........###....
.#....#####...####....#.......##.
#...#..........###.........#####.
...#####.................#.######
..>...#..##......................
#.......###....#@..............##
#..............#g......[.......#
#.....#####....#......##......##
#.....# #....#......##......###
#.....# #....#......##.........
#.....# #....#(.....###........
#.....# ############# ##.....[.
#.....# #....... ####### ########


You could see a goblin.

Vanquished Creatures
  A dart slug (D:1)
  3 ball pythons
  2 endoplasms (D:1)
  2 giant cockroaches (D:1)
  8 goblins
  7 hobgoblins
  2 jackals (D:1)
  2 kobolds (D:1)
  A quokka (D:1)
  A frilled lizard (D:1)
  7 rats (D:1)
36 creatures vanquished.

Notes
Turn   | Place    | Note
-------+----------+-------------------------------------------
     0 | D:1      | pkoi the Demigod Gladiator began the quest for the Orb.
     0 | D:1      | Reached XP level 1. HP: 17/17 MP: 3/3
    55 | D:1      | Reached skill level 3 in Unarmed Combat
   508 | D:1      | Reached XP level 2. HP: 24/24 MP: 4/4
  1153 | D:2      | Noticed Robin
  1185 | D:2      | Reached XP level 3. HP: 17/29 MP: 5/5
  1598 | D:1      | Succumbed to a goblin's poison

Illustrated notes

Levels and vault maps discovered:
D:1:      dpeg_arrival_ratfight, layout_rooms,
          ebering_ecumenical_altar_sacrificial
D:2:      layout_loops_cross, serial_shops, nicolae_lakefront_shop,
          nrook_loot_triangle, grunt_decor_junction, serial_park_tiny_pond,
          uniq_robin

Skill      XL: |  1 |
---------------+----+-----
Unarmed Combat | 3 |  3.9
Fighting       | |  1.7
Throwing       | |  1.7
Armour         | |  0.8
Dodging        | |  2.6

Action                   || total
-------------------------++-------
Melee: Unarmed           ||   118
       Punch             ||     3
Throw: Throwing net      ||     3
  Use: Scroll            ||     4
       Potion            ||     2
Armor: Leather armour    ||    10
       Chain mail        ||    34
       Ring mail         ||     8
Dodge: Dodged            ||    76
